 Dungeon Crawl Stone Soup version 0.22.1-6-g1668fe2 (webtiles) character file.

308 Kairos the Chopper (level 6, -12/32 HPs)
             Began as a Vine Stalker Fighter on Jan 16, 2019.
             Mangled by Dowan
             ... wielding a +0 dagger of electrocution
              (20 damage)
             ... on level 4 of the Dungeon.
             The game lasted 00:02:52 (2738 turns).

Kairos the Chopper (Vine Stalker Fighter)           Turns: 2738, Time: 00:02:54

Health: -12/32     AC: 10    Str: 20    XL:     6   Next: 40%
Magic:  0/7        EV: 11    Int:  8    God:
Gold:   123        SH:  9    Dex: 14    Spells: 5/5 levels left

rFire    . . .     SeeInvis .   a - +0 war axe
rCold    . . .     Gourm    .   c - +0 shield
rNeg     . . .     Faith    .   b - +0 scale mail
rPois    .         Spirit   +   (no helmet)
rElec    .         Reflect  .   (no cloak)
rCorr    .         Harm     +   k - +2 pair of gloves
MR       .....                  (no boots)
Stlth    ..........             i - amulet of harm
HPRegen  0.50/turn              s - +4 ring of evasion
MPRegen  0.10/turn              u - +2 ring of slaying

@: no status effects
A: fangs 2, regeneration 1, magic shield, antimagic bite, no potion heal 3, rot
immunity
a: no special abilities


You were on level 4 of the Dungeon.
You were hungry.

You visited 1 branch of the dungeon, and saw 4 of its levels.

You collected 123 gold pieces.

Inventory:

Hand Weapons
 a - a +0 war axe (weapon)
Armour
 b - a +0 scale mail (worn)
 c - a +0 shield (worn)
 k - a +2 pair of gloves (worn)
Jewellery
 i - an amulet of harm (around neck)
 s - a +4 ring of evasion (left hand)
 u - a +2 ring of slaying (right hand)
Scrolls
 e - a scroll of teleportation
 g - 2 scrolls of blinking
 m - 2 scrolls of remove curse
 q - a scroll of immolation {unknown}
 r - a scroll of enchant armour {unknown}
 t - 2 scrolls of identify
Potions
 d - a potion of might
 h - a potion of curing {unknown}
 j - 2 potions of flight {unknown}
 l - a potion of cancellation {unknown}
 n - a potion of heal wounds
 o - a potion of invisibility {unknown}
 p - a potion of haste {unknown}
Comestibles
 f - 9 rations


   Skills:
 + Level 3.2 Fighting
 + Level 4.2 Axes
 + Level 3.3 Armour
 + Level 1.0 Dodging
 + Level 3.4 Shields


You had 5 spell levels left.
You didn't know any spells.
Your spell library was empty.

Dungeon Overview and Level Annotations

Branches:
Dungeon (4/15)
 Temple: D:4-7

Altars:
Gozag
Ru

Annotations:
D:4 Dowan


Innate Abilities, Weirdness & Mutations

You have extremely sharp teeth.
Your natural rate of healing is unusually fast.
When hurt, damage is shared between your health and your magic reserves.
Your bite disrupts and absorbs the magic of your enemies.
Potions cannot restore your health.
You are immune to rotting.


Message History

Dowan is lightly wounded.
Dowan falters for a moment.
You block Dowan's attack.
You slash Dowan!
Dowan is severely wounded.
Dowan hits you but does no damage. You block Dowan's attack.
You closely miss Dowan.
Dowan is severely wounded.
Dowan barely misses you. You block Dowan's attack.
You barely miss Dowan. You bite Dowan.
Dowan's magic leaks into the air.
You drain his magic.
You feel invigorated.
Dowan is severely wounded.
Dowan hits you but does no damage.
Dowan drinks a potion.
Dowan is healed!
You hit Dowan but do no damage. Your bite misses Dowan.
You block Dowan's attack.
Dowan says, "How can I live without her?"
You block Dowan's attack.
You closely miss Dowan. Your bite misses Dowan.
Dowan hits you but does no damage.
You are electrocuted!
Ouch! That really hurt!
You die...

...###########..##.####.
.. ##....###..##'####. .
#..................
#..................
#..................
#........[.........
+..................
#.................. #.
##@##.#..#.##.####.
##...##e###############.
.......o.# #....
.........# #....
.........# #....
##......## ##...
#......# #### #........
#........


You could see Dowan and an orc.

Vanquished Creatures
  Duvessa (D:4)
  Natasha (thrice) (D:3)
  An orc wizard (D:3)
  2 adders
  A worm (D:2)
  2 dart slugs
  A leopard gecko (D:3)
  12 orcs
  7 bats
  3 giant cockroaches
  6 goblins
  8 hobgoblins
  4 jackals (D:1)
  7 kobolds
  2 quokkas
  2 ball pythons
  7 frilled lizards
  A jackal skeleton (D:3)
  5 rats
75 creatures vanquished.

Notes
Turn   | Place    | Note
-------+----------+-------------------------------------------
     0 | D:1      | Kairos the Vine Stalker Fighter began the quest for the
                  | Orb.
     0 | D:1      | Reached XP level 1. HP: 11/11 MP: 2/2
   215 | D:1      | Reached XP level 2. HP: 12/16 MP: 3/3
   218 | D:1      | Reached skill level 2 in Axes
   725 | D:2      | Found an opulent altar of Gozag.
   770 | D:2      | Reached XP level 3. HP: 15/19 MP: 2/4
  1452 | D:3      | Reached skill level 3 in Axes
  1452 | D:3      | Gained mutation: Your natural rate of healing is unusually
                  | fast. [Vine Stalker growth]
  1452 | D:3      | Reached XP level 4. HP: 22/24 MP: 5/5
  1462 | D:3      | Noticed Natasha
  1478 | D:3      | Killed Natasha
  1487 | D:3      | Noticed Natasha
  1497 | D:3      | Killed Natasha
  1497 | D:3      | Reached XP level 5. HP: 20/28 MP: 3/6
  2217 | D:3      | Noticed Natasha
  2224 | D:3      | Killed Natasha
  2426 | D:4      | Found a sacrificial altar of Ru.
  2715 | D:4      | Noticed Dowan
  2716 | D:4      | Noticed Duvessa
  2732 | D:4      | Killed Duvessa
  2732 | D:4      | Reached skill level 4 in Axes
  2732 | D:4      | Reached skill level 1 in Dodging
  2732 | D:4      | Reached XP level 6. HP: 19/32 MP: 3/7
  2738 | D:4      | Mangled by Dowan

Skill      XL: |  1  2  3  4  5 |
---------------+----------------+-----
Axes           | 2 3 4 |  4.2
Shields        | 3 |  3.4
Fighting       | 3 |  3.2
Armour         | 3 |  3.3
Dodging        | 1 |  1.0

Action                   |  1- 3 |  4- 6 || total
-------------------------+-------+-------++-------
Melee: War axe           |    90 |   116 ||   206
       Bite              |    26 |    31 ||    57
  Use: Scroll            |       |     4 ||     4
  Eat: Chunk             |       |     2 ||     2
       Ration            |       |     1 ||     1
Armor: Scale mail        |    47 |    63 ||   110
Dodge: Dodged            |    34 |    39 ||    73
Block: Shield            |    47 |    69 ||   116
